 Dungeon Crawl Stone Soup version 0.18-a0-952-g309898a (webtiles) character file.

2305 JokEr the Fighter (level 9, 0/76 HPs)
             Began as a Demonspawn Fighter on Dec 30, 2015.
             Was a Believer of Okawaru.
             Slain by a killer bee (2 damage)
             ... on level 7 of the Dungeon.
             The game lasted 00:15:43 (6052 turns).

JokEr the Fighter (Demonspawn Fighter)              Turns: 6052, Time: 00:15:44

Health: 0/76       AC:  8    Str: 19    XL:     9   Next: 18%
Magic:  9/9        EV:  5    Int: 11    God:    Okawaru [**....]
Gold:   321        SH: 13    Dex: 14    Spells: 0 memorised, 8 levels left

rFire  + . .     SeeInvis .     y - +1 falchion
rCold  . . .     Gourm    .     b - +0 scale mail
rNeg   . . .     Faith    .     r - +0 large shield
rPois  .         Spirit   .     (helmet restricted)
rElec  .         Dismiss  .     A - +1 cloak
rCorr  .         Reflect  .     (no gloves)
SustAt .         Harm     .     (no boots)
MR     .....                    (no amulet)
Stlth  ++........               (no ring)
                                s - ring of stealth

@: lethally poisoned (0 -> -1), drained, not resistant to hostile enchantments,
unstealthy
A: horns 1, thin skeletal structure 1, fire resistance 1, powered by death 2,
flame cloud immunity
a: Heroism, Renounce Religion


You were on level 7 of the Dungeon.
You worshipped Okawaru.
Okawaru was pleased with you.
You were hungry.

You visited 1 branch of the dungeon, and saw 8 of its levels.

You collected 321 gold pieces.

Inventory:

Hand Weapons
 y - a +1 falchion (weapon)
Armour
 b - a +0 scale mail (worn)
 r - a +0 large shield (worn)
 A - a +1 cloak (worn)
Jewellery
 s - a ring of stealth (left hand)
 t - an uncursed ring of ice
Scrolls
 a - a scroll of immolation {unknown}
 c - a scroll of teleportation
 q - 3 scrolls of magic mapping
 v - 6 scrolls of remove curse
 w - 3 scrolls of amnesia
Potions
 d - a potion of magic
 e - 3 potions of lignification
 j - 7 potions of curing
 k - a potion of brilliance {unknown}
 l - 3 potions of resistance
 m - a potion of mutation {unknown}
 n - a potion of poison {unknown}
 p - a potion of cure mutation {unknown}
 u - 2 potions of flight
 x - 2 potions of degeneration
 z - a potion of ambrosia {unknown}
Comestibles
 f - 7 bread rations
 g - 7 fruits
 h - a royal jelly
 i - a meat ration
 o - 5 beef jerkies
 B - a chunk of flesh


   Skills:
 + Level 9.3(9.0) Fighting
 + Level 8.1(7.9) Long Blades
 - Level 2.6(2.5) Armour
 - Level 2.6(2.5) Shields


You had 8 spell levels left.
You didn't know any spells.

Dungeon Overview and Level Annotations

Branches:
Dungeon (8/15)             Temple (0/1) D:5
   Lair: D:8-11

Altars:
Dithmenos
Gozag
Kikubaaqudgha
Nemelex Xobeh
Okawaru
Pakellas
Qazlal
Sif Muna
Trog
Vehumet

Shops:
D:5 }


Innate Abilities, Weirdness & Mutations

You have a pair of small horns on your head.
You have a somewhat thin skeletal structure (Dex +2, Stealth).
Your flesh is heat resistant.
You regenerate health from kills.
You are immune to clouds of flame.


Message History

You block the killer bee's attack. x2
The killer bee stings you.
* * * LOW HITPOINT WARNING * * *
You block the killer bee's attack.
The killer bee stings you but does no damage.
You climb upwards.
You feel sick.
There is a stone staircase leading down here.
You miss the killer bee. Your headbutt misses the killer bee.
The killer bee is severely wounded.
The killer bee stings you but does no damage.
You block the killer bee's attack.
The killer bee stings you but does no damage.
You block the killer bee's attack. The killer bee stings you.
* * * LOW HITPOINT WARNING * * *
The killer bee stings you!
* * * LOW HITPOINT WARNING * * *
You block the killer bee's attack. The killer bee stings you.
* * * LOW HITPOINT WARNING * * *
The killer bee stings you.
You die...

##.# ##..# ##.###.
#..## ##.# ##.####.
#.#.# #.# ##.## #..
#.#.# #.# ##.## ##..
#.#### ##.# #..####.##
#.##.# #..####..##..###
#.##.###...##......[##.
#.###..y...............
#.###y@y...............
##.....................
#######.............(.
####.........##.
##...#...####
##..........
#..........
##.....##### ##.....##


You could see 3 killer bees.

Vanquished Creatures
  A hippogriff (D:7)
  2 sky beasts
  5 ogres
  2 phantoms
  6 centaurs
  A scorpion (D:8)
  3 wights (D:8)
  3 crimson imps (D:5)
  A quasit (D:5)
  2 jellies
  3 orc priests (D:3)
  4 hounds
  An iguana (D:7)
  4 worker ants
  3 gnolls (D:2)
  Robin (D:3)
  9 adders
  2 oozes
  An adder skeleton (D:5)
  2 worms (D:2)
  7 giant geckos
  5 orcs
  14 bats
  7 giant cockroaches
  22 goblins
  15 hobgoblins
  5 jackals
  8 kobolds
  4 quokkas
  2 ball pythons
  A giant gecko skeleton (D:7)
  3 giant newts
  A quokka zombie (D:5)
  6 rats
156 creatures vanquished.

Notes
Turn   | Place    | Note
--------------------------------------------------------------
     0 | D:1      | JokEr the Demonspawn Fighter began the quest for the Orb.
     0 | D:1      | Reached XP level 1. HP: 18/18 MP: 1/1
   152 | D:1      | Gained mutation: You regenerate a little health from kills. [demonic ancestry]
   152 | D:1      | Reached XP level 2. HP: 24/24 MP: 2/2
   484 | D:1      | Reached XP level 3. HP: 27/29 MP: 3/3
   823 | D:2      | Reached skill level 4 in Fighting
   853 | D:2      | Gained mutation: You have a pair of small horns on your head. [demonic ancestry]
   853 | D:2      | Reached XP level 4. HP: 23/37 MP: 4/4
  1206 | D:2      | Found a shadowy altar of Dithmenos.
  1407 | D:3      | Found a stormy altar of Qazlal.
  1443 | D:3      | Noticed Robin
  1452 | D:3      | Killed Robin
  1473 | D:3      | Reached XP level 5. HP: 20/43 MP: 5/5
  1507 | D:3      | Reached skill level 5 in Fighting
  1682 | D:3      | Found a radiant altar of Vehumet.
  1684 | D:3      | Found a deep blue altar of Sif Muna.
  1684 | D:3      | Found an ancient bone altar of Kikubaaqudgha.
  1689 | D:3      | Identified Sif Muna's Grimoire of Displacement
  1696 | D:3      | Identified Vehumet's Tome of Conjuration
  1703 | D:3      | Identified Kikubaaqudgha's Almanac of Evil Arts
  2317 | D:4      | Gained mutation: You regenerate health from kills. [demonic ancestry]
  2317 | D:4      | Reached XP level 6. HP: 47/51 MP: 6/6
  2564 | D:4      | Found an iron altar of Okawaru.
  2571 | D:4      | Became a worshipper of Warmaster Okawaru
  2595 | D:4      | Reached skill level 5 in Long Blades
  2746 | D:4      | Gained mutation: Your flesh is heat resistant. [demonic ancestry]
  2746 | D:4      | Reached XP level 7. HP: 44/57 MP: 7/7
  2978 | D:5      | Entered Level 5 of the Dungeon
  2978 | D:5      | Found Riut's Gadget Emporium.
  3007 | D:5      | Reached skill level 6 in Fighting
  3450 | D:5      | Reached * piety under Okawaru
  3666 | D:5      | Found a staircase to the Ecumenical Temple.
  3896 | D:5      | Found an oddly glowing altar of Pakellas.
  3972 | D:5      | Reached skill level 7 in Fighting
  4046 | D:5      | Found a sparkling altar of Nemelex Xobeh.
  4047 | D:5      | Found an opulent altar of Gozag.
  4127 | D:6      | You fall through a shaft!
  4155 | D:7      | Gained mutation: You are immune to clouds of flame. [demonic ancestry]
  4155 | D:7      | Reached XP level 8. HP: 44/67 MP: 8/8
  5023 | D:7      | Reached skill level 8 in Fighting
  5403 | D:7      | Found a bloodstained altar of Trog.
  5535 | D:7      | Reached ** piety under Okawaru
  5683 | D:7      | Reached skill level 9 in Fighting
  5683 | D:7      | Gained mutation: You have a somewhat thin skeletal structure (Dex +2, Stealth). [demonic ancestry]
  5683 | D:7      | Reached XP level 9. HP: 74/76 MP: 9/9
  6052 | D:7      | HP: 2/76 [killer bee (3)]
  6052 | D:7      | Slain by a killer bee

Vault maps used:
D:1:      lemuel_arrival_broad_hall, st_stairs_7, minmay_misc_feat_cross
D:2:      grunt_dithmenos_smoke_and_mirrors
D:3:      grunt_temple_overflow_magic_moments, lemuel_crystal_altar,
          minmay_misc_feat_hallway, uniq_robin
D:4:      lemuel_crystal_altar, first_bread, minmay_misc_feat_tower,
          minmay_goblin_outpost
D:5:      grunt_temple_overflow_opulence, grunt_pakellas_sulfur, temple_green,
          serial_shops, nicolae_shop_crystal
D:6:      gup_sewer_entry_pipe
D:7:      bloody_trog
D:8:      old_standard_altar, fedhas_altar_fruit_tree,
          amethyst_overflow_temple_binary, due_unseen_surprise

Action                   |  1- 3 |  4- 6 |  7- 9 || total
-------------------------+-------+-------+-------++-------
Melee: Long sword        |   122 |   262 |   291 ||   675
       Falchion          |       |       |    15 ||    15
  Use: Scroll            |     1 |     7 |     6 ||    14
       Potion            |     1 |       |       ||     1
 Stab: Distracted        |       |       |     1 ||     1
       Sleeping          |       |       |     2 ||     2
  Eat: Chunk             |       |     7 |     6 ||    13
       Bread ration      |       |       |     1 ||     1
